 Dungeon Crawl Stone Soup version 0.30-a0-723-gc1506a1cf0 (webtiles) character file.

Game seed: 2997605325514895857

178 karrick the Covered (level 5, -1/33 HPs)
             Began as a Gargoyle Fighter on Jan 29, 2023.
             Slain by Crazy Yiuf
             ... wielding a +4 quarterstaff of chaos
              (10 damage)
             ... on level 2 of the Dungeon.
             The game lasted 00:02:54 (1286 turns).

karrick the Covered (Gargoyle Fighter)              Turns: 1286, Time: 00:02:54

Health: -1/33      AC: 12    Str: 20    XL:     5   Next: 58%
Magic:  5/5        EV:  9    Int:  8    God:
Gold:   109        SH:  4    Dex: 11    Spells: 4/4 levels left

rFire   . . .      SeeInvis .    a - +0 war axe
rCold   . . .      Faith    .    c - +0 buckler
rNeg    + . .      Spirit   .    b - +0 scale mail
rPois   ∞          Reflect  .    o - +0 helmet
rElec   +          Harm     .    (no cloak)
rCorr   .          Rampage  .    (no gloves)
Will    .....                    (no boots) Stlth
                                 (no amulet)
HPRegen 0.25/turn                (no ring)
MPRegen 0.09/turn                (no ring)

@: no status effects
A: sickness immunity, AC +4, negative energy resistance 1, electricity
resistance, torment resistance 1, petrification resistance
a: no special abilities


You were on level 2 of the Dungeon.
You visited 1 branch of the dungeon, and saw 2 of its levels.

You collected 109 gold pieces.

Inventory:

Hand Weapons
 a - a +0 war axe (weapon)
Armour
 b - a +0 scale mail (worn)
 c - a +0 buckler (worn)
 o - a +0 helmet (worn)
Jewellery
 m - a ring of magical power
Wands
 k - a wand of paralysis (11)
Scrolls
 h - a scroll of fear {unknown}
 j - a scroll of vulnerability {unknown}
Potions
 d - a potion of might
 e - 2 potions of attraction {unknown}
 f - a potion of haste {unknown}
 g - a potion of flight {unknown}
 i - 2 potions of curing {unknown}
 l - a potion of heal wounds {unknown}
 n - a potion of degeneration {unknown}


   Skills:
 + Level 3.7 Fighting
 + Level 4.0 Axes
 + Level 4.3 Armour
 + Level 3.8 Shields


You had 4 spell levels left.
You didn't know any spells.
Your spell library was empty.

Dungeon Overview and Level Annotations

Branches:
Dungeon (2/15)

Altars:

Annotations:
D:2 Crazy Yiuf


Innate Abilities, Weirdness & Mutations

You are immune to sickness and miasma.
Your stone body is resilient. (AC +4)
You are immune to poison.
You resist negative energy. (rN+)
You are resistant to electric shocks. (rElec)
You are resistant to unholy torment.
You are immune to petrification.


Message History

Things that are here:
a +0 dagger; a goblin skeleton
Things that are here:
a +0 club; a hobgoblin skeleton
Items here: ))))))))) [ ÷÷÷.
Items here: ))))))))) [ ÷÷÷.
Things that are here:
a +0 club; a hobgoblin skeleton
Things that are here:
a +0 dagger; a goblin skeleton You see here a +0 club.
You see here an adder skeleton.
There is an open door here.
You see here a +1 vampiric whip.
You see here a bat skeleton.
Things that are here:
a +0 dagger; a goblin skeleton You see here a +0 short sword.
Key pressed, stopping explore.
Crazy Yiuf shouts!
Could not explore, unopened runed door.
Could not explore, unopened runed door.
You open the door.
Crazy Yiuf screams, "Ten!"
Crazy Yiuf completely misses you.
There is an open translucent door here.
You hit Crazy Yiuf.
Crazy Yiuf is moderately wounded.
You block Crazy Yiuf's attack.
Crazy Yiuf hits you with a +4 quarterstaff of chaos!
Space warps around you.
You barely miss Crazy Yiuf.
Crazy Yiuf is moderately wounded.
You block Crazy Yiuf's attack.
You hit Crazy Yiuf.
Crazy Yiuf is heavily wounded.
Crazy Yiuf hits you with a +4 quarterstaff of chaos!
* * * LOW HITPOINT WARNING * * *
Crazy Yiuf hits you with a +4 quarterstaff of chaos!
You die...

####.......#.#.#######.#.#
÷.)..)..........>......#.#
####.#.......#.#.#..)....#
#....#.###################
#.####.# #.####.##♣♣♣♣♣
#....#..#..♣.♣♣♣ ####
####........♣..♣#...#
#.##.......♣♣♣♣.@g..#
#....#..#.♣♣ ♣♣#..)#
#.#######♣♣ #### #.# #.#
#.# #### #'### #..## ....#
#...# ....# ##...##


You could see Crazy Yiuf.

Vanquished Creatures
  Terence (D:2)
  Natasha (twice) (D:2)
  Robin (D:2)
  3 adders (D:2)
  2 dart slugs
  4 ball pythons (D:1)
  8 bats
  An endoplasm (D:2)
  5 giant cockroaches
  14 goblins
  4 hobgoblins
  3 jackals (D:1)
  A quokka (D:2)
  2 frilled lizards
  8 kobolds
  3 rats
62 creatures vanquished.

Notes
Turn   | Place    | Note
-------+----------+-------------------------------------------
     0 | D:1      | karrick the Gargoyle Fighter began the quest for the Orb.
     0 | D:1      | Reached XP level 1. HP: 14/14 MP: 1/1
    95 | D:1      | Reached XP level 2. HP: 19/19 MP: 2/2
   423 | D:1      | Reached XP level 3. HP: 20/23 MP: 3/3
   730 | D:2      | Noticed Terence
   739 | D:2      | Killed Terence
   740 | D:2      | Reached XP level 4. HP: 26/28 MP: 4/4
   797 | D:2      | Noticed Natasha
   801 | D:2      | Killed Natasha
   916 | D:2      | Noticed Natasha
   919 | D:2      | Reached XP level 5. HP: 31/33 MP: 5/5
   921 | D:2      | Killed Natasha
   978 | D:2      | Noticed Robin
  1009 | D:2      | Killed Robin
  1137 | D:2      | Found a runed translucent door.
  1138 | D:2      | Noticed Crazy Yiuf
  1286 | D:2      | Slain by Crazy Yiuf

Illustrated notes

Levels and vault maps discovered:
D:1:      dpeg_arrival_snail, layout_basic
D:2:      layout_basic, serial_park_tiny_2, uniq_crazy_yiuf_cottage,
          uniq_terence, uniq_robin, uniq_natasha

Skill      XL: |  1  2  3  4  5 |
---------------+----------------+-----
Axes           | 2 3 4 |  4.0
Armour         | 4 |  4.3
Fighting       | |  3.7
Shields        | |  3.8

Action                     |  1- 3 |  4- 6 || total
---------------------------+-------+-------++-------
  Melee: War axe           |    84 |   102 ||   186
 Armour: Scale mail        |    51 |    58 ||   109
  Dodge: Dodged            |    47 |    52 ||    99
  Block: Buckler           |    21 |    17 ||    38

Table legend: (Time is in decaauts)
 A = Elapsed time spent in this place.
 B = Non-inter-level travel time spent in this place.
 C = Inter-level travel time spent in this place.
 D = Time resting spent in this place.
 E = Time spent auto-exploring this place.
 F = Levels seen in this place.
 G = Mean time per level.
                   A        B        C        D        E       F      G
               +--------+--------+--------+--------+--------+-----+--------+
         Total |   1359 |   1353 |      6 |      0 |    954 |   2 |  679.5 |
       Dungeon |   1359 |   1353 |      6 |      0 |    954 |   2 |  679.5 |
               +--------+--------+--------+--------+--------+-----+--------+

Top non-repeatable levels by time:
     D:2: 685 daAuts
     D:1: 673 daAuts
